 Dungeon Crawl Stone Soup version 0.32-a0-38-gb04dd89b9b (webtiles) character file.

Game seed: 13570307382558386841

98 MrSquiggles the Sneak (level 5, -3/32 HPs)
             Began as a Kobold Brigand on Jan 23, 2024.
             Slain by Grinder (5 damage)
             ... on level 4 of the Dungeon.
             The game lasted 00:06:40 (3448 turns).

MrSquiggles the Sneak (Kobold Brigand)              Turns: 3448, Time: 00:06:41

Health: -3/32      AC:  5    Str:  8    XL:     5   Next: 0%
Magic:  5/5        EV: 15    Int: 12    God:
Gold:   219        SH:  0    Dex: 19    Spells: 4/4 levels left

rFire   + . .        a - +2 dagger
rCold   . . .        (no shield)
rNeg    . . .        b - +0 robe
rPois   .            (no helmet)
rElec   .            c - +0 cloak
rCorr   .            y - +1 pair of gloves
SInv    .            (no boots)
Will    .....        (no amulet)
Stlth   ++++         j - ring of protection from fire
HPRegen 0.25/turn    (no ring)
MPRegen 0.09/turn

%: no passive effects
@: no status effects
A: small, no large weapons, nightstalker 3
a: no special abilities


You were on level 4 of the Dungeon.
You visited 1 branch of the dungeon, and saw 4 of its levels.

You collected 219 gold pieces.

Inventory:

Hand Weapons
 a - a +2 dagger (weapon)
 h - a +0 sling
Missiles
 d - 15 poisoned darts (quivered)
 e - 2 curare-tipped darts
 k - 5 atropa-tipped darts
Armour
 b - a +0 robe (worn)
 c - a +0 cloak (worn)
 y - a +1 pair of gloves (worn)
Jewellery
 j - a ring of protection from fire (left hand)
Wands
 t - a wand of iceblast (4)
 u - a wand of flame (28)
Scrolls
 g - a scroll of vulnerability
 l - a scroll of fog
 m - a scroll of fear {unknown}
 n - a scroll of poison {unknown}
 o - a scroll of brand weapon {unknown}
Potions
 p - a potion of might {unknown}
 r - a potion of ambrosia {unknown}
 s - a potion of lignification {unknown}
 v - a potion of resistance {unknown}
 w - a potion of cancellation {unknown}
 x - a potion of brilliance {unknown}
 z - a potion of heal wounds {unknown}


   Skills:
 + Level 3.0 Fighting
 + Level 3.6 Short Blades
 + Level 3.1 Throwing
 + Level 2.5 Dodging
 - Level 6.0 Stealth


You had 4 spell levels left.
You didn't know any spells.
Your spell library contained the following spells:

 Spells                   Type           Power      Damage    Failure   Level
 Dazzling Flash           Conj/Hex       0%         N/A       69%         3
 Volatile Blastmotes      Fire/Tloc      0%         2d10      69%         3
 Starburst                Conj/Fire      0%         6d3       100%        6
 Maxwell's Capacitive Co  Air            0%         ∞         100%        8


Dungeon Overview and Level Annotations

Branches:
Dungeon (4/15)
 Temple: D:4-7

Altars:

Shops:
D:4 (

Annotations:
D:1 exclusion: 2 jackals
D:2 exclusion: 3 gnolls
D:3 exclusion: ice beast
D:4 exclusion: gnoll sergeant, Grinder


Innate Abilities, Weirdness & Mutations

You are small and have problems with some larger weapons.
You are completely attuned to the shadows.


Message History

Grinder is heavily wounded.
The phantom barely misses you. Grinder gestures at you.
You shrug off the repeated paralysis!
Unknown command.
Unknown command.
Aiming: Iceblast
Press: ? - help, Shift-Dir - straight line, f/p - Grinder
Aim: Grinder (heavily wounded)
The mass of ice explodes!
The iceblast engulfs Grinder.
Grinder partially resists.
Grinder is heavily wounded.
The phantom closely misses you. Grinder gestures at you.
Pain shoots through your body!
Unknown command.
Unknown command.
Throw: 3 darts (curare)
Press: ? - help, Shift-Dir - straight line, f/p - Grinder
Aim: Grinder (heavily wounded, 57% to hit)
You throw a curare-tipped dart. The curare-tipped dart hits Grinder.
Grinder is heavily wounded.
The phantom misses you.
Grinder blinks!
Unknown command.
Okay, then.
Unknown command.
The phantom attacks as it pursues you! The phantom misses you.
The gnoll sergeant hits you from afar with a +0 spear!
The phantom attacks as it pursues you! The phantom barely misses you.
You see here a curare-tipped dart.
The gnoll sergeant barely misses you. Grinder hits you but does no damage.
The gnoll sergeant hits you from afar with a +0 spear!
* * * LOW HITPOINT WARNING * * *
Grinder gestures at you. Pain shoots through your body!
* * * LOW HITPOINT WARNING * * *
The phantom attacks as it pursues you! The phantom barely misses you.
Grinder hits you.
You die...
Grinder says, "Now the real fun starts!"

######..########...
##..###..###...
##....#....#.........
......#....'......... +###
#.......#....#......... .≈≈≈
+......>#....#......(.. .≈≈≈
#..##..##....#...<.....
.~≈≈####..##..##....#...##....
....'........@'.....# #....
g~..'.......W5#.....# #....
~~≈≈#......g..#.....# #....
.≈≈≈#....)...(##....# #....
.≈≈≈##<...##..##....# #....
##.####..##... #.... ...#
#...('... #.... #####
#...##... #..>. ##+## .. #....


You could see Grinder, a phantom and a gnoll sergeant.

Vanquished Creatures
  3 adders (D:2)
  A ribbon worm (D:2)
  3 dart slugs
  An orc (D:3)
  4 ball pythons
  7 bats
  4 endoplasms (D:1)
  2 giant cockroaches
  8 goblins
  5 hobgoblins
  4 jackals (D:1)
  2 quokkas
  2 frilled lizards
  5 kobolds
  4 rats
55 creatures vanquished.

Notes
Turn   | Place    | Note
-------+----------+-------------------------------------------
     0 | D:1      | MrSquiggles the Kobold Brigand began the quest for the Orb.
     0 | D:1      | Reached XP level 1. HP: 12/12 MP: 1/1
    73 | D:1      | Reached XP level 2. HP: 18/18 MP: 2/2
   229 | D:1      | Reached XP level 3. HP: 22/22 MP: 3/3
   778 | D:2      | Reached XP level 4. HP: 27/27 MP: 4/4
  2582 | D:3      | Noticed an ice beast
  3051 | D:4      | Reached skill level 6 in Stealth
  3242 | D:4      | Reached XP level 5. HP: 32/32 MP: 5/5
  3293 | D:4      | Found Dogutari's Antique Weapon Boutique.
  3294 | D:4      | Noticed a phantom
  3427 | D:4      | Noticed Grinder
  3437 | D:4      | Paralysed by Grinder for 3 turns
  3447 | D:4      | HP: 1/32 [Grinder/nerve-wracking pain (6)]
  3448 | D:4      | Slain by Grinder

Illustrated notes

Levels and vault maps discovered:
D:1:      wander_arrival_chamber, layout_rooms, minivault_25
D:2:      kennysheep_six_static_rooms, layout_loops_corners
D:3:      layout_loops_corners
D:4:      layout_gridville, fedhas_altar_decomposition, serial_shops,
          nicolae_shop_advertising_works [nicolae_subvault_shop_adworks],
          kennysheep_generic_room_4, uniq_grinder

Skill      XL: |  1  2  3  4 |
---------------+-------------+-----
Short Blades   | 3 |  3.6
Dodging        | 2 |  2.5
Throwing       | 3 |  3.1
Fighting       | 3 |  3.0
Stealth        | 6 |  6.0

Action                     |  1- 3 |  4- 6 || total
---------------------------+-------+-------++-------
  Melee: Dagger            |    46 |    89 ||   135
         Punch             |     1 |       ||     1
  Throw: Dart              |     2 |     4 ||     6
         Throwing net      |       |     1 ||     1
  Evoke: Wand              |       |     5 ||     5
    Use: Scroll            |       |     6 ||     6
   Stab: Sleeping          |    25 |    10 ||    35
 Armour: Robe              |     8 |    25 ||    33
  Dodge: Dodged            |     8 |    58 ||    66

Table legend: (Time is in decaauts)
 A = Elapsed time spent in this place.
 B = Non-inter-level travel time spent in this place.
 C = Inter-level travel time spent in this place.
 D = Time resting spent in this place.
 E = Time spent auto-exploring this place.
 F = Levels seen in this place.
 G = Mean time per level.
                   A        B        C        D        E       F      G
               +--------+--------+--------+--------+--------+-----+--------+
         Total |   3424 |   3206 |    218 |    100 |   2474 |   4 |  856.0 |
       Dungeon |   3424 |   3206 |    218 |    100 |   2474 |   4 |  856.0 |
               +--------+--------+--------+--------+--------+-----+--------+

Top non-repeatable levels by time:
     D:3: 1297 daAuts
     D:2: 1257 daAuts
     D:1: 591 daAuts
     D:4: 278 daAuts
